Map: Old Sun Temple LE

Players

smartcraft - Winner!

  • Race: Protoss Protoss
  • League: Platinum

Jhaysonswarm

  • Race: Terran Terran
  • League: Platinum

VOD

Have the link to the VOD?

Description

Time

  • Played on: Aug. 28, 2026, 8:58 p.m.
  • Length: 20:16
Show
View Real Time Build Order
Export as new Build Order

smartcraft Protoss - Winner!

Build Orders:  

Get SALT Encoding   

  8  0:01  Probe (Chrono Boost)  
  9  0:11  Probe (Chrono Boost)  
  10  0:18  Probe  
  11  0:27  Pylon  
  11  0:33  Probe  
  12  0:45  Probe  
  13  0:53  Gateway  
  13  0:58  Probe  
  14  1:11  Probe (Chrono Boost), Assimilator  
  15  1:24  Forge  
  15  1:26  Probe (Chrono Boost)  
  16  1:36  Pylon  
  16  1:38  Probe  
  17  1:45  Zealot  
  19  1:59  Probe  
  20  2:03  Photon Cannon  
  20  2:11  Photon Cannon  
  20  2:16  Probe (Chrono Boost)  
  20  2:18  Zealot  
  23  2:24  Assimilator  
  22  2:46  Probe  
  22  2:49  Cybernetics Core  
  23  2:51  Assimilator  
  23  2:58  Probe  
  24  3:23  Nexus  
  24  3:38  Probe (Chrono Boost)  
  25  3:43  Stargate  
  25  3:47  Probe (Chrono Boost)  
  26  3:54  Probe  
  26  4:01  Robotics Facility  
  27  4:07  Probe  
  28  4:20  Pylon  
  28  4:23  Probe  
  29  4:33  Pylon  
  29  4:35  Stalker, Probe (Chrono Boost)  
  32  4:39  Oracle  
  33  4:59  Probe (Chrono Boost)  
  34  5:06  Probe (Chrono Boost)  
  35  5:08  Probe (Chrono Boost)  
  35  5:13  Probe x2 (Chrono Boost)  
  37  5:14  Assimilator  
  38  5:24  Probe  
  38  5:25  Probe  
  38  5:26  Assimilator  
  40  5:38  Probe (Chrono Boost)  
  41  5:43  Fleet Beacon  
  41  5:44  Probe (Chrono Boost)  
  43  5:54  Probe x2 (Chrono Boost)  
  44  5:59  Probe (Chrono Boost)  
  44  6:00  Probe  
  44  6:02  Stalker  
  43  6:11  Probe  
  41  6:12  Probe  
  42  6:23  Probe  
  42  6:24  Probe  
  42  6:35  Probe  
  42  6:37  Probe  
  42  6:49  Probe  
  41  7:04  Probe (Chrono Boost)  
  42  7:09  Pylon  
  42  7:10  Immortal  
  42  7:11  Void Ray  
  42  7:12  Warp Gate  
  42  7:13  Stalker  
  42  7:14  Probe (Chrono Boost)  
  53  7:17  Pylon  
  53  7:19  Gateway  
  53  7:20  Gateway  
  53  7:23  Pylon  
  53  7:29  Probe  
  54  7:31  Shield Battery  
  54  7:34  Photon Cannon  
  54  8:07  Nexus  
  53  8:29  Void Ray  
  53  8:32  Stalker x3  
  63  8:37  Robotics Bay  
  63  8:41  Probe (Chrono Boost)  
  64  8:51  Probe (Chrono Boost)  
  65  8:56  Probe (Chrono Boost)  
  68  9:12  Stalker  
  68  9:21  Robotics Bay  
  68  9:22  Tempest  
  72  9:48  Probe (Chrono Boost)  
  72  9:51  Stargate  
  72  9:52  Stargate  
  73  9:55  Pylon  
  73  9:57  Pylon  
  73  9:58  Probe (Chrono Boost)  
  74  10:03  Probe (Chrono Boost)  
  75  10:15  Probe  
  62  10:47  Probe  
  59  11:13  Probe (Chrono Boost)  
  59  11:16  Assimilator  
  58  11:20  Assimilator  
  58  11:23  Pylon  
  58  11:24  Probe (Chrono Boost)  
  56  11:27  Probe (Chrono Boost)  
  56  11:30  Probe (Chrono Boost)  
  56  11:31  Protoss Ground Weapons Level 1 (Chrono Boost)  
  58  11:34  Probe (Chrono Boost), Protoss Air Weapons Level 1 (Chrono Boost)  
  58  11:35  Probe (Chrono Boost)  
  58  11:37  Probe (Chrono Boost)  
  60  11:40  Tempest x2  
  60  11:41  Tempest, Probe x2 (Chrono Boost)  
  74  11:52  Probe (Chrono Boost)  
  74  11:53  Pylon  
  74  12:02  Stalker x3  
  74  12:03  Probe (Chrono Boost)  
  74  12:08  Probe (Chrono Boost)  
  78  12:18  Probe  
  75  12:23  Tempest  
  77  12:30  Stalker x3  
  83  12:54  Gateway  
  83  12:56  Gateway  
  83  12:57  Gateway, Stalker x3  
  89  12:59  Gateway  
  89  13:05  Gateway  
  89  13:07  Gateway  
  89  13:08  Probe (Chrono Boost)  
  89  13:10  Pylon  
  90  13:17  Probe (Chrono Boost)  
  83  13:25  Protoss Ground Armor Level 1  
  73  13:35  Protoss Air Armor Level 1  
  73  13:38  Stalker x2  
  73  13:39  Stalker  
  73  13:42  Tempest x3  
  85  13:51  Stalker x3  
  84  14:09  Stalker x3  
  86  14:14  Immortal  
  81  14:24  Tempest  
  81  14:25  Tempest  
  82  14:34  Stalker x4  
  82  14:35  Stalker  
  82  14:48  Probe (Chrono Boost)  
  78  14:53  Immortal  
  78  14:55  Probe (Chrono Boost)  
  78  14:57  Probe (Chrono Boost)  
  78  14:59  Stalker x5  
  93  15:00  Stalker x2  
  93  15:04  Probe (Chrono Boost)  
  93  15:05  Probe (Chrono Boost)  
  100  15:07  Probe (Chrono Boost)  
  100  15:13  Probe (Chrono Boost)  
  101  15:14  Nexus  
  101  15:23  Protoss Shields Level 1 (Chrono Boost)  
  101  15:33  Immortal  
  101  15:35  Pylon  
  105  15:37  Pylon x2  
  105  15:38  Pylon  
  105  15:41  Pylon  
  105  15:42  Nexus  
  105  15:44  Protoss Air Weapons Level 2  
  105  15:46  Pylon  
  105  15:47  Twilight Council  
  70  16:35  Stalker  
  70  16:36  Stalker x5  
  70  16:37  Stalker  
  82  17:02  Stalker x3  
  82  17:03  Stalker x4  
  92  17:25  Stalker x3  
  92  17:26  Stalker x4  
  106  17:54  Stalker x6  
  106  17:55  Stalker  
  111  18:13  Probe (Chrono Boost)  
  110  18:22  Probe (Chrono Boost)  
  111  18:27  Probe (Chrono Boost)  
  109  18:37  Stalker x2  
  109  18:38  Stalker x5  
  118  18:44  Probe (Chrono Boost)  
  118  18:47  Probe (Chrono Boost)  
  118  18:54  Probe (Chrono Boost)  
  120  18:55  Probe (Chrono Boost)  
  120  19:00  Probe (Chrono Boost)  
  121  19:27  Probe (Chrono Boost)  
  121  19:30  Assimilator  
  122  19:34  Assimilator  
  122  19:36  Pylon, Probe (Chrono Boost)  
  123  19:41  Probe (Chrono Boost)  
Show
View Real Time Build Order
Export as new Build Order

Jhaysonswarm Terran 

Build Orders:  

Get SALT Encoding   

  8  0:00  SCV  
  9  0:12  SCV  
  10  0:25  SCV  
  10  0:27  Refinery  
  11  0:40  SCV  
  12  0:52  Supply Depot  
  12  0:53  SCV  
  13  1:16  Barracks  
  13  1:20  Supply Depot  
  13  1:27  SCV  
  14  1:41  SCV  
  15  2:04  Bunker  
  15  2:06  Marine  
  16  2:16  SCV  
  17  2:35  Marine  
  12  2:44  SCV  
  13  2:53  Factory  
  13  2:56  SCV  
  14  3:08  SCV  
  15  3:15  Marine  
  16  3:21  SCV  
  16  3:23  Bunker  
  17  3:33  Reaper  
  18  3:34  SCV  
  18  3:38  Widow Mine  
  21  3:52  SCV  
  21  3:59  Factory Tech Lab  
  21  4:03  Barracks  
  21  4:10  Supply Depot  
  21  4:32  Reaper, SCV, Siege Tank  
  26  4:44  SCV  
  27  4:50  Barracks Reactor  
  27  4:53  Engineering Bay  
  27  4:56  Orbital Command  
  27  5:22  SCV  
  27  5:28  Missile Turret  
  28  5:32  Missile Turret  
  28  5:33  Missile Turret  
  28  5:34  SCV  
  29  6:07  Supply Depot  
  29  6:09  Terran Infantry Weapons Level 1  
  29  6:21  Marine  
  29  6:22  SCV  
  29  6:28  Marine x2  
  31  6:34  SCV  
  31  6:37  Missile Turret  
  29  6:49  Missile Turret  
  28  6:59  SCV  
  29  7:09  Command Center  
  29  7:11  Siege Tank, SCV  
  29  7:12  Marine  
  34  7:23  SCV  
  34  7:24  Marine  
  36  7:31  Starport  
  36  7:38  Marine  
  37  7:57  Supply Depot  
  37  8:00  Barracks Reactor  
  37  8:05  Marine  
  37  8:09  Supply Depot  
  37  8:12  SCV  
  36  8:23  Starport  
  36  8:24  SCV  
  36  8:25  Orbital Command  
  36  8:26  Refinery  
  35  8:34  Refinery, Marine x2  
  35  8:36  SCV  
  35  8:38  Viking  
  40  8:48  SCV  
  40  8:55  SCV  
  40  9:00  SCV  
  40  9:01  Marine x2  
  40  9:02  Marine x2  
  42  9:07  SCV  
  42  9:12  SCV  
  43  9:19  SCV  
  44  9:25  SCV  
  44  9:26  Cyclone  
  44  9:27  Starport Reactor  
  44  9:30  Marine x2  
  50  9:31  SCV  
  48  9:47  SCV  
  48  9:48  SCV  
  50  9:53  Starport Reactor  
  50  9:59  Cyclone  
  53  10:03  Refinery  
  43  10:26  Marine x2  
  43  10:27  Marine x2  
  43  10:28  Viking x2  
  49  10:29  Viking  
  48  10:43  Marine  
  48  10:47  Marine  
  48  10:49  Marine x2  
  47  10:58  Medivac  
  47  11:04  Viking x2  
  51  11:09  Marine x2  
  53  11:17  Marine  
  52  11:26  SCV x2, Marine  
  55  11:33  Marine  
  55  11:34  Marine  
  55  11:35  Medivac x2  
  55  11:38  SCV  
  62  11:44  Marine  
  62  11:47  Supply Depot  
  63  11:49  SCV, Viking x2  
  63  11:51  Marine x2  
  63  11:52  Marine  
  71  12:02  Marine  
  71  12:08  Marine  
  62  12:29  Viking x2  
  66  12:31  SCV  
  64  12:42  Marine x2  
  64  12:43  Marine x2  
  64  12:44  Cyclone  
  64  12:45  Viking x2  
  71  12:58  Command Center  
  71  12:59  Marine x2  
  72  13:16  Cyclone  
  72  13:17  Marine  
  65  13:36  SCV x2  
  65  13:37  Viking x2  
  65  13:38  Viking x2  
  65  13:39  Marine x2  
  65  13:40  Marine x2  
  77  13:56  Marine  
  77  13:57  Marine x2, SCV x2  
  79  14:08  Viking x2  
  83  14:13  SCV  
  83  14:14  Marine  
  83  14:15  Viking x2  
  80  14:38  Viking x2  
  73  14:58  Viking x2  
  75  15:03  Marine x2  
  75  15:06  Marine x2  
  78  15:08  Viking x2  
  78  15:13  Refinery  
  82  15:14  Refinery  
  82  15:21  Marine  
  83  15:28  Viking  
  83  15:33  Marine x3  
  88  15:39  Marine, SCV  
  90  15:47  Starport  
  90  15:48  Starport  
  90  15:51  Marine  
  82  16:09  Marine x4  
  71  16:27  Marine x4  
  71  16:31  Viking x2  
  68  16:33  Viking x2  
  70  16:43  Starport Reactor x2  
  70  16:45  Marine x2  
  72  16:50  Marine x2  
  74  17:01  Viking x2  
  72  17:03  Marine x2, Viking  
  72  17:07  Marine x2  
  66  17:25  Marine x2  
  61  17:35  Viking x4  
  68  17:38  Siege Tank  
  68  17:39  Marine  
  68  17:40  Marine  
  68  17:43  Marine x2  
  69  17:55  Planetary Fortress  
  57  18:12  Marine x2  
  51  18:14  Viking x2  
  53  18:33  Liberator x2  
  57  18:35  Liberator  
  53  19:04  Barracks  
  53  19:06  Barracks  
  53  19:07  Barracks x2  
  49  19:13  Supply Depot  
  49  19:14  Supply Depot  
  49  19:17  Supply Depot  
  48  19:56  Barracks Reactor x2  
Tags
 
Add a new tag
Caveats
  • Supply blocks, unpowered buildings, or Contaminate may cause inaccurate times.
  • Supply counts are checked every 10 seconds.